 Dungeon Crawl Stone Soup version 0.19.4 (webtiles) character file.

96 Jerry the Skirmisher (level 4, 0/50 HPs)
             Began as an Ogre Berserker on Jan 30, 2017.
             Was a Believer of Trog.
             Slain by a gnoll
             ... wielding a +0 halberd
              (10 damage)
             ... on level 2 of the Dungeon.
             The game lasted 00:02:30 (1686 turns).

Jerry the Skirmisher (Ogre Berserker)               Turns: 1686, Time: 00:02:31

Health: 0/50       AC:  3    Str: 22    XL:     4   Next: 67%
Magic:  4/4        EV: 11    Int:  6    God:    Trog [**....]
Gold:   82         SH:  0    Dex: 10    Spells: 0 memorised, 3 levels left

rFire  . . .     SeeInvis .     a - +0 mace
rCold  . . .     Gourm    .     b - +0 animal skin
rNeg   . . .     Faith    .     (no shield)
rPois  .         Spirit   .     (helmet restricted)
rElec  .         Reflect  .     (no cloak)
rCorr  .         Harm     .     (gloves unavailable)
MR     .....                    (boots unavailable)
Stlth  +.........               (no amulet)
                                (no ring)
                                (no ring)

@: no status effects
A: unfitting armour, tough skin 1
a: Berserk, Trog's Hand, Burn Spellbooks, Renounce Religion


You were on level 2 of the Dungeon.
You worshipped Trog.
Trog was pleased with you.
You were not hungry.

You visited 1 branch of the dungeon, and saw 2 of its levels.

You collected 82 gold pieces.

Inventory:

Hand Weapons
 a - a +0 mace (weapon)
Armour
 b - a +0 animal skin (worn)
Jewellery
 l - an uncursed ring of protection from cold {unknown}
Scrolls
 d - a scroll of enchant weapon {unknown}
 f - a scroll of identify {unknown}
 j - a scroll of remove curse {unknown}
Potions
 e - a potion of magic {unknown}
 g - 2 potions of brilliance {unknown}
 h - 3 potions of curing {unknown}
 i - 2 potions of might {unknown}
 k - a potion of cancellation {unknown}
 m - a potion of haste {unknown}
 o - a potion of berserk rage {unknown}
 q - a potion of flight {unknown}
Comestibles
 c - 2 bread rations
 n - a slice of pizza
 p - 5 chunks of flesh


   Skills:
 + Level 5.3 Fighting
 + Level 5.2 Maces & Flails
 + Level 3.4 Dodging


You had 3 spell levels left.
You didn't know any spells.

Dungeon Overview and Level Annotations

Branches:
Dungeon (2/15)

Altars:
Gozag


Innate Abilities, Weirdness & Mutations

You are too large for most types of armour.
You have tough skin. (AC +1)


Message History

You thump the gnoll!
The gnoll is heavily wounded.
The gnoll hits you with a halberd.
A gnoll comes into view. It is wielding a spear.
You closely miss the gnoll.
The gnoll is heavily wounded.
The gnoll hits you with a halberd!!
* * * LOW HITPOINT WARNING * * *
You are too injured to fight recklessly!
You are too injured to fight recklessly!
You are too injured to fight recklessly!
The gnoll barely misses you.
Found a beef jerky.
You see here a frilled lizard corpse.
A ball python comes into view.
The ball python hisses angrily.
The ball python closely misses you.
The ball python bites you but does no damage.
The gnoll hits you from afar with a halberd!
You die...

########### #..........
##### #.######### .. ..
#.# ## #. #.#
.###.######.########
............(........#
.####......#.#######.#
.......)รท.......@S.#.#
#####.##...#.#####g#.#
#####.##.#.#.# #.#.##
...##[##.#.#.# #g...##
.#.##.##.#.#.# ##g....##
.#.##.##.#.#.####.....%.#
....#.##.#.#............#
#..<..##.#.#..###.......#
#...####.#.#..#
##.....###


You could see a gnoll and a ball python.

Vanquished Creatures
  2 gnolls (D:2)
  4 adders (D:2)
  A dart slug (D:1)
  A leopard gecko (D:1)
  4 giant cockroaches (D:1)
  5 goblins
  2 hobgoblins (D:1)
  6 kobolds
  2 quokkas (D:2)
  4 bats
  3 frilled lizards (D:2)
  8 rats
42 creatures vanquished.

Notes
Turn   | Place    | Note
-------+----------+-------------------------------------------
     0 | D:1      | Jerry the Ogre Berserker began the quest for the Orb.
     0 | D:1      | Reached XP level 1. HP: 24/24 MP: 1/1
   182 | D:1      | Reached XP level 2. HP: 29/32 MP: 2/2
   531 | D:1      | Reached XP level 3. HP: 28/40 MP: 3/3
  1218 | D:2      | Found an opulent altar of Gozag.
  1225 | D:2      | Reached ** piety under Trog
  1475 | D:2      | Reached skill level 5 in Fighting
  1475 | D:2      | Reached skill level 5 in Maces & Flails
  1475 | D:2      | Reached XP level 4. HP: 50/50 MP: 4/4
  1686 | D:2      | Slain by a gnoll

Skill      XL: |  1  2  3 |
---------------+----------+-----
Dodging        | 3 |  3.4
Fighting       | 5 |  5.3
Maces & Flails | 5 |  5.2

Action                   |  1- 3 |  4- 6 || total
-------------------------+-------+-------++-------
Melee: Mace              |    95 |    29 ||   124
Invok: Berserk           |     2 |       ||     2
 Stab: Sleeping          |     1 |       ||     1
  Eat: Chunk             |     4 |       ||     4
Armor: Animal skin       |    25 |     3 ||    28
Dodge: Dodged            |    60 |    17 ||    77
